[ AOE2 MATCH · #459038435 ]
Team RMPersians vs Vikings
[ REPLAY ANALYSIS · EXTRACTED FROM THE RECORDED GAME ]
Feudal
12:26
Castle
21:15
Imperial
44:15
| APM avg | 14.9 |
| APM peak | 36 |
| eAPM avg | 11.7 |
| Villagers / military | 89 / 18 |
Focus
⚔️ 23.0% · 🌾 77.0%
Knight ×15 · Fishing Ship ×5 · Camel Scout ×3
Feudal
—
Castle
—
Imperial
—
| APM avg | 27.0 |
| APM peak | 67 |
| eAPM avg | 20.5 |
| Villagers / military | 32 / 155 |
Focus
⚔️ 67.2% · 🌾 32.8%
Militia ×155 · Fishing Ship ×37 · Trade Cog ×22 · Unknown (2626) ×6
Feudal
14:44
Castle
19:15
Imperial
40:57
| APM avg | 14.2 |
| APM peak | 31 |
| eAPM avg | 10.5 |
| Villagers / military | 91 / 55 |
Focus
⚔️ 25.3% · 🌾 74.7%
Spearman ×27 · Scorpion ×13 · Fishing Ship ×11 · Huskarl ×10 · Skirmisher ×5
Feudal
15:23
Castle
24:33
Imperial
39:08
| APM avg | 30.8 |
| APM peak | 57 |
| eAPM avg | 11.8 |
| Villagers / military | 75 / 46 |
Focus
⚔️ 27.5% · 🌾 72.5%
Fishing Ship ×37 · Cataphract ×30 · Fire Galley ×11 · Unknown (1795) ×9 · Militia ×2 · Camel Scout ×2
Feudal
13:38
Castle
20:52
Imperial
—
| APM avg | 12.7 |
| APM peak | 28 |
| eAPM avg | 7.0 |
| Villagers / military | 50 / 41 |
Focus
⚔️ 32.3% · 🌾 67.7%
Militia ×29 · Steppe Lancer ×11 · Fishing Ship ×2 · Transport Ship ×1
Feudal
11:07
Castle
24:47
Imperial
—
| APM avg | 24.4 |
| APM peak | 49 |
| eAPM avg | 10.4 |
| Villagers / military | 86 / 36 |
Focus
⚔️ 25.3% · 🌾 74.7%
Camel Archer ×23 · Scout Cavalry ×11 · Fishing Ship ×10 · Unknown (2626) ×2 · Monk ×2
Feudal
14:09
Castle
27:01
Imperial
32:29
| APM avg | 28.4 |
| APM peak | 127 |
| eAPM avg | 14.2 |
| Villagers / military | 76 / 60 |
Focus
⚔️ 28.5% · 🌾 71.5%
Knight ×42 · Fishing Ship ×9 · Bombard Cannon ×7 · Scout Cavalry ×5 · Trebuchet (Packed) ×3 · Spearman ×2
Feudal
15:20
Castle
23:10
Imperial
31:23
| APM avg | 24.4 |
| APM peak | 44 |
| eAPM avg | 14.2 |
| Villagers / military | 73 / 92 |
Focus
⚔️ 26.4% · 🌾 73.6%
Hand Cannoneer ×50 · Fishing Ship ×33 · Fire Galley ×22 · Demolition Raft ×6 · Bombard Cannon ×6 · Janissary ×5
Match map
Initial resources + every placement click. Lines = walls · curves = elevation contours. ◆ gold · ⬟ stone · ● berries · ✦ relic · ◌ wall gap
Your base· ✓ Map-separated
Tomassx1286's base· ✓ Closed at 25:18 · 0t walls · no gate
Merlyah's base· ✓ Map-separated
TheCris's base· ✓ Map-separated
xitix's base· Open — opponent sealed themselves in
Fluffy's base· ✓ Map-separated
Cleaninger's base· ✓ Map-separated
Jakulin94's base· ✓ Closed at 23:10 · 0t walls · no gate
Smoothed initial terrain · ◌ = detected wall gap · hover for details
Inputs per minute
— BeRnDi - - Tomassx1286
Build order — BeRnDi
First 150 of 220 actions detected
| 4:11 | Build | Town Center |
| 5:08 | Build | Dock |
| 5:23 | Create | Villager (Male) |
| 5:24 | Create | Villager (Male) |
| 5:24 | Create | Villager (Male) |
| 5:24 | Create | Villager (Male) |
| 5:25 | Create | Villager (Male) |
| 5:32 | Build | House |
| 5:36 | Build | House |
| 6:11 | Create | Fishing Ship |
| 6:11 | Create | Fishing Ship |
| 6:12 | Create | Fishing Ship |
| 6:53 | Create | Villager (Male) |
| 6:53 | Create | Villager (Male) |
| 7:58 | Create | Villager (Male) |
| 7:59 | Create | Villager (Male) |
| 7:59 | Create | Villager (Male) |
| 8:00 | Create | Villager (Male) |
| 8:27 | Build | House |
| 9:29 | Build | Barracks |
| 9:46 | Build | Palisade Wall |
| 9:52 | Build | Palisade Wall |
| 10:06 | Research | Feudal Age |
| 10:39 | Build | Palisade Wall |
| 11:06 | Build | House |
| 11:15 | Build | Palisade Wall |
| 12:26 | Age | Feudal Age |
| 12:28 | Create | Villager (Male) |
| 12:29 | Create | Villager (Male) |
| 12:29 | Create | Villager (Male) |
| 12:29 | Create | Villager (Male) |
| 12:31 | Create | Villager (Male) |
| 13:05 | Create | Villager (Male) |
| 13:06 | Create | Villager (Male) |
| 13:36 | Create | Fishing Ship |
| 13:37 | Create | Fishing Ship |
| 13:44 | Research | Tech 906 |
| 14:12 | Build | Blacksmith |
| 15:09 | Build | Palisade Wall |
| 15:38 | Build | Stable |
| 15:47 | Create | Villager (Male) |
| 15:48 | Create | Villager (Male) |
| 16:05 | Build | Mining Camp |
| 16:52 | Build | House |
| 16:55 | Build | House |
| 16:57 | Build | House |
| 17:07 | Build | Palisade Gate |
| 17:27 | Build | Palisade Wall |
| 17:31 | Build | Palisade Wall |
| 18:01 | Build | Mill |
| 18:07 | Create | Villager (Male) |
| 18:49 | Research | Castle Age |
| 19:08 | Build | Mining Camp |
| 19:33 | Build | Palisade Wall |
| 19:51 | Research | Double-Bit Axe |
| 20:47 | Build | House |
| 20:49 | Build | House |
| 20:50 | Build | House |
| 20:57 | Build | House |
| 21:01 | Build | House |
| 21:15 | Age | Castle Age |
| 21:56 | Build | Stone Wall |
| 22:07 | Build | Palisade Wall |
| 22:36 | Build | Town Center |
| 22:52 | Create | Camel Scout |
| 22:52 | Create | Camel Scout |
| 22:52 | Create | Camel Scout |
| 22:58 | Build | Farm |
| 22:58 | Build | Farm |
| 23:02 | Build | Farm |
| 23:14 | Build | Farm |
| 23:14 | Build | Farm |
| 23:15 | Build | Farm |
| 23:16 | Build | Farm |
| 24:38 | Build | Dock |
| 24:49 | Create | Villager (Male) |
| 24:50 | Create | Villager (Male) |
| 24:50 | Create | Villager (Male) |
| 24:51 | Create | Villager (Male) |
| 26:24 | Create | Villager (Male) |
| 26:24 | Create | Villager (Male) |
| 26:24 | Create | Villager (Male) |
| 26:25 | Create | Villager (Male) |
| 26:25 | Create | Villager (Male) |
| 26:37 | Create | Villager (Male) |
| 26:37 | Create | Villager (Male) |
| 26:37 | Create | Villager (Male) |
| 26:59 | Build | Town Center |
| 27:24 | Create | Villager (Male) |
| 28:15 | Create | Villager (Male) |
| 28:18 | Create | Villager (Male) |
| 28:18 | Create | Villager (Male) |
| 28:19 | Create | Villager (Male) |
| 28:20 | Create | Villager (Male) |
| 28:55 | Build | Castle |
| 29:06 | Build | Farm |
| 29:26 | Create | Villager (Male) |
| 29:27 | Create | Villager (Male) |
| 29:41 | Create | Villager (Male) |
| 30:13 | Create | Villager (Male) |
| 30:14 | Create | Villager (Male) |
| 30:29 | Build | Dock |
| 30:40 | Create | Villager (Male) |
| 30:49 | Build | Farm |
| 30:57 | Build | Farm |
| 30:59 | Create | Villager (Male) |
| 31:00 | Create | Villager (Male) |
| 31:24 | Build | Farm |
| 31:30 | Create | Villager (Male) |
| 31:30 | Create | Villager (Male) |
| 31:34 | Build | Farm |
| 32:05 | Build | Farm |
| 32:19 | Create | Villager (Male) |
| 32:20 | Create | Villager (Male) |
| 32:21 | Create | Villager (Male) |
| 32:22 | Create | Villager (Male) |
| 32:22 | Create | Villager (Male) |
| 32:25 | Create | Villager (Male) |
| 32:25 | Create | Villager (Male) |
| 32:49 | Build | Farm |
| 32:49 | Build | Farm |
| 32:49 | Build | Farm |
| 32:55 | Build | Farm |
| 33:02 | Build | Farm |
| 33:07 | Create | Villager (Male) |
| 33:08 | Create | Villager (Male) |
| 33:08 | Create | Villager (Male) |
| 33:22 | Build | Farm |
| 33:37 | Create | Villager (Male) |
| 33:37 | Create | Villager (Male) |
| 33:43 | Create | Villager (Male) |
| 34:07 | Build | Farm |
| 34:17 | Build | House |
| 34:28 | Build | Palisade Wall |
| 34:43 | Create | Villager (Male) |
| 34:44 | Create | Villager (Male) |
| 34:48 | Build | Farm |
| 34:54 | Build | Farm |
| 35:14 | Research | Forging |
| 35:15 | Research | Scale Barding Armor |
| 35:21 | Build | Farm |
| 35:26 | Create | Villager (Male) |
| 35:27 | Create | Villager (Male) |
| 35:27 | Create | Villager (Male) |
| 35:37 | Create | Villager (Male) |
| 35:38 | Create | Villager (Male) |
| 35:43 | Build | Farm |
| 36:00 | Build | Town Center |
| 36:10 | Build | Town Center |
| 36:26 | Create | Villager (Male) |
Build order — Tomassx1286
First 150 of 349 actions detected
| 0:18 | Build | House |
| 0:19 | Build | House |
| 0:20 | Build | House |
| 0:25 | Build | Dock |
| 2:20 | Build | Town Center |
| 2:55 | Create | Fishing Ship |
| 3:38 | Create | Villager (Male) |
| 3:38 | Create | Villager (Male) |
| 3:39 | Create | Villager (Male) |
| 3:39 | Create | Villager (Male) |
| 3:39 | Create | Villager (Male) |
| 3:47 | Build | House |
| 3:49 | Build | House |
| 4:48 | Create | Villager (Male) |
| 4:48 | Create | Villager (Male) |
| 5:15 | Create | Villager (Male) |
| 5:40 | Build | Lumber Camp |
| 5:43 | Create | Villager (Male) |
| 5:43 | Create | Villager (Male) |
| 5:43 | Create | Villager (Male) |
| 5:45 | Research | Loom |
| 6:24 | Create | Villager (Male) |
| 6:31 | Build | House |
| 6:33 | Build | House |
| 6:35 | Build | House |
| 7:11 | Create | Villager (Male) |
| 7:22 | Create | Fishing Ship |
| 7:47 | Build | Dock |
| 8:07 | Create | Fishing Ship |
| 8:33 | Create | Villager (Male) |
| 8:46 | Create | Fishing Ship |
| 8:46 | Create | Fishing Ship |
| 8:55 | Create | Fishing Ship |
| 9:35 | Create | Fishing Ship |
| 9:35 | Create | Fishing Ship |
| 9:41 | Create | Fishing Ship |
| 10:22 | Research | Feudal Age |
| 10:28 | Build | Barracks |
| 10:34 | Build | Barracks |
| 10:50 | Create | Fishing Ship |
| 11:43 | Build | Mining Camp |
| 11:45 | Create | Militia |
| 11:46 | Create | Militia |
| 11:52 | Create | Villager (Male) |
| 11:58 | Create | Fishing Ship |
| 12:36 | Research | Man-at-Arms (upgrade) |
| 12:38 | Research | Gold Mining |
| 12:50 | Build | Dock |
| 13:11 | Create | Villager (Male) |
| 13:11 | Create | Villager (Male) |
| 13:18 | Build | Dock |
| 14:00 | Create | Fishing Ship |
| 14:01 | Create | Fishing Ship |
| 14:09 | Create | Fishing Ship |
| 14:16 | Create | Villager (Male) |
| 14:16 | Create | Villager (Male) |
| 14:18 | Create | Villager (Male) |
| 15:05 | Create | Militia |
| 15:06 | Create | Militia |
| 15:06 | Create | Militia |
| 15:06 | Create | Militia |
| 15:15 | Create | Fishing Ship |
| 15:15 | Create | Fishing Ship |
| 15:41 | Build | House |
| 15:42 | Build | House |
| 15:43 | Build | House |
| 15:44 | Build | House |
| 15:45 | Build | House |
| 15:46 | Build | House |
| 15:47 | Build | House |
| 15:50 | Research | Double-Bit Axe |
| 15:54 | Create | Militia |
| 15:54 | Create | Militia |
| 16:03 | Build | House |
| 16:05 | Build | House |
| 16:28 | Create | Fishing Ship |
| 16:28 | Create | Fishing Ship |
| 16:29 | Create | Fishing Ship |
| 16:58 | Build | Blacksmith |
| 17:12 | Create | Villager (Male) |
| 17:12 | Create | Villager (Male) |
| 17:13 | Create | Villager (Male) |
| 17:51 | Create | Militia |
| 17:51 | Create | Militia |
| 17:52 | Create | Militia |
| 17:59 | Create | Fishing Ship |
| 17:59 | Create | Fishing Ship |
| 17:59 | Create | Fishing Ship |
| 18:35 | Create | Fishing Ship |
| 18:36 | Create | Fishing Ship |
| 18:36 | Create | Fishing Ship |
| 18:46 | Create | Trade Cog |
| 18:46 | Create | Trade Cog |
| 18:46 | Create | Trade Cog |
| 19:00 | Create | Unit 2626 |
| 19:00 | Create | Unit 2626 |
| 19:00 | Create | Unit 2626 |
| 19:11 | Create | Unit 2626 |
| 19:11 | Create | Unit 2626 |
| 19:11 | Create | Unit 2626 |
| 19:25 | Create | Villager (Male) |
| 19:25 | Create | Villager (Male) |
| 19:25 | Create | Villager (Male) |
| 19:32 | Build | Dock |
| 19:59 | Research | Forging |
| 20:29 | Research | Arson |
| 20:43 | Create | Fishing Ship |
| 20:47 | Create | Fishing Ship |
| 20:47 | Create | Fishing Ship |
| 20:51 | Create | Fishing Ship |
| 20:51 | Create | Fishing Ship |
| 20:51 | Create | Fishing Ship |
| 21:43 | Research | Scale Mail Armor |
| 21:51 | Build | Barracks |
| 21:52 | Build | Barracks |
| 22:27 | Build | Lumber Camp |
| 23:34 | Build | Mill |
| 23:39 | Create | Militia |
| 23:40 | Create | Militia |
| 23:40 | Create | Militia |
| 23:40 | Create | Militia |
| 23:40 | Create | Militia |
| 23:40 | Create | Militia |
| 23:40 | Create | Militia |
| 23:40 | Create | Militia |
| 24:14 | Build | Market |
| 24:23 | Create | Militia |
| 24:23 | Create | Militia |
| 24:24 | Create | Militia |
| 24:25 | Create | Militia |
| 24:27 | Research | Stone Mining |
| 25:18 | Research | Castle Age |
| 25:25 | Create | Militia |
| 25:25 | Create | Militia |
| 25:25 | Create | Militia |
| 25:26 | Create | Militia |
| 25:27 | Create | Militia |
| 25:28 | Create | Militia |
| 25:33 | Build | House |
| 25:34 | Build | House |
| 25:35 | Build | House |
| 25:36 | Build | House |
| 25:36 | Build | House |
| 25:37 | Build | House |
| 25:42 | Research | Horse Collar |
| 25:50 | Research | Tech 906 |
| 26:34 | Build | House |
| 26:35 | Build | House |
| 26:36 | Build | House |
| 27:14 | Create | Militia |
Build order — Merlyah
First 150 of 262 actions detected
| 0:17 | Build | House |
| 2:43 | Build | House |
| 2:54 | Build | Town Center |
| 3:48 | Create | Villager (Male) |
| 3:48 | Create | Villager (Male) |
| 3:49 | Create | Villager (Male) |
| 3:49 | Create | Villager (Male) |
| 4:42 | Build | House |
| 5:21 | Create | Villager (Male) |
| 5:37 | Create | Villager (Male) |
| 6:02 | Build | Dock |
| 6:07 | Create | Villager (Male) |
| 6:40 | Create | Villager (Male) |
| 6:40 | Create | Villager (Male) |
| 6:55 | Create | Fishing Ship |
| 6:55 | Create | Fishing Ship |
| 7:24 | Create | Villager (Male) |
| 7:36 | Create | Villager (Male) |
| 7:37 | Create | Villager (Male) |
| 7:48 | Create | Fishing Ship |
| 8:09 | Build | House |
| 8:11 | Build | House |
| 8:20 | Create | Villager (Male) |
| 8:35 | Create | Fishing Ship |
| 8:52 | Build | Mill |
| 9:13 | Create | Fishing Ship |
| 9:28 | Create | Villager (Male) |
| 9:28 | Create | Villager (Male) |
| 9:40 | Create | Fishing Ship |
| 10:15 | Build | House |
| 10:17 | Build | House |
| 10:19 | Build | House |
| 10:23 | Create | Villager (Male) |
| 10:24 | Create | Villager (Male) |
| 10:46 | Create | Fishing Ship |
| 11:18 | Create | Villager (Male) |
| 11:18 | Create | Villager (Male) |
| 11:19 | Create | Villager (Male) |
| 11:32 | Create | Fishing Ship |
| 11:32 | Create | Fishing Ship |
| 11:49 | Build | Farm |
| 11:49 | Build | Farm |
| 11:50 | Build | Farm |
| 11:50 | Build | Farm |
| 11:50 | Build | Farm |
| 11:51 | Build | Farm |
| 12:29 | Research | Loom |
| 12:30 | Research | Feudal Age |
| 12:54 | Build | Mining Camp |
| 13:39 | Create | Fishing Ship |
| 13:39 | Create | Fishing Ship |
| 13:51 | Build | Barracks |
| 13:53 | Build | House |
| 13:54 | Build | House |
| 14:44 | Age | Feudal Age |
| 14:46 | Create | Villager (Male) |
| 14:47 | Create | Villager (Male) |
| 14:51 | Build | Farm |
| 14:51 | Build | Farm |
| 14:51 | Build | Farm |
| 15:01 | Build | Blacksmith |
| 15:49 | Build | Archery Range |
| 16:03 | Create | Spearman |
| 16:03 | Create | Spearman |
| 16:04 | Create | Spearman |
| 16:35 | Research | Castle Age |
| 16:42 | Create | Spearman |
| 16:42 | Create | Spearman |
| 16:43 | Create | Spearman |
| 17:11 | Build | Palisade Wall |
| 17:54 | Create | Spearman |
| 17:54 | Create | Spearman |
| 17:54 | Create | Spearman |
| 18:43 | Build | Palisade Wall |
| 18:50 | Create | Villager (Male) |
| 18:51 | Create | Villager (Male) |
| 19:15 | Age | Castle Age |
| 19:30 | Create | Villager (Male) |
| 19:30 | Create | Villager (Male) |
| 19:30 | Create | Villager (Male) |
| 19:35 | Build | Lumber Camp |
| 20:04 | Build | Castle |
| 20:34 | Research | Pikeman (upgrade) |
| 20:55 | Create | Villager (Male) |
| 20:56 | Create | Villager (Male) |
| 21:18 | Create | Spearman |
| 21:18 | Create | Spearman |
| 21:18 | Create | Spearman |
| 21:22 | Create | Villager (Male) |
| 22:26 | Research | Scale Mail Armor |
| 22:50 | Build | House |
| 22:52 | Build | House |
| 22:57 | Build | House |
| 23:09 | Create | Huskarl |
| 23:09 | Create | Huskarl |
| 23:10 | Create | Huskarl |
| 23:48 | Create | Huskarl |
| 23:49 | Create | Huskarl |
| 24:09 | Build | Town Center |
| 24:21 | Create | Huskarl |
| 24:21 | Create | Huskarl |
| 24:22 | Create | Huskarl |
| 24:44 | Build | Farm |
| 24:57 | Create | Spearman |
| 24:58 | Create | Spearman |
| 25:22 | Build | Farm |
| 25:47 | Create | Villager (Male) |
| 25:47 | Create | Villager (Male) |
| 25:48 | Create | Villager (Male) |
| 25:48 | Create | Villager (Male) |
| 26:07 | Create | Huskarl |
| 26:07 | Create | Huskarl |
| 26:24 | Create | Villager (Male) |
| 26:25 | Create | Villager (Male) |
| 26:56 | Build | Farm |
| 26:56 | Build | Farm |
| 26:56 | Build | Farm |
| 26:56 | Build | Farm |
| 26:57 | Build | Farm |
| 26:57 | Build | Farm |
| 27:00 | Create | Villager (Male) |
| 27:00 | Create | Villager (Male) |
| 27:00 | Create | Villager (Male) |
| 27:29 | Create | Villager (Male) |
| 27:29 | Create | Villager (Male) |
| 27:58 | Build | Dock |
| 28:01 | Create | Villager (Male) |
| 28:01 | Create | Villager (Male) |
| 28:01 | Create | Villager (Male) |
| 28:25 | Create | Villager (Male) |
| 28:25 | Create | Villager (Male) |
| 28:57 | Create | Villager (Male) |
| 28:58 | Create | Villager (Male) |
| 29:02 | Build | Farm |
| 29:03 | Build | Farm |
| 29:03 | Build | Farm |
| 29:03 | Build | Farm |
| 29:04 | Build | Farm |
| 29:04 | Build | Farm |
| 29:25 | Create | Villager (Male) |
| 29:25 | Create | Villager (Male) |
| 29:26 | Create | Villager (Male) |
| 29:37 | Build | Town Center |
| 29:53 | Create | Villager (Male) |
| 29:53 | Create | Villager (Male) |
| 29:54 | Create | Villager (Male) |
| 30:18 | Build | Farm |
| 30:18 | Build | Farm |
| 30:18 | Build | Farm |
| 30:18 | Build | Farm |
Build order — TheCris
First 150 of 279 actions detected
| 6:19 | Build | Town Center |
| 6:30 | Build | House |
| 6:31 | Build | House |
| 6:43 | Build | Dock |
| 7:25 | Create | Fishing Ship |
| 7:25 | Create | Fishing Ship |
| 7:36 | Create | Villager (Male) |
| 7:36 | Create | Villager (Male) |
| 7:36 | Create | Villager (Male) |
| 7:47 | Create | Villager (Male) |
| 7:47 | Create | Villager (Male) |
| 8:23 | Create | Fishing Ship |
| 8:32 | Create | Villager (Male) |
| 9:18 | Create | Villager (Male) |
| 9:23 | Create | Fishing Ship |
| 9:26 | Create | Fishing Ship |
| 9:30 | Create | Villager (Male) |
| 9:48 | Build | House |
| 9:50 | Build | House |
| 9:55 | Build | House |
| 10:23 | Create | Villager (Male) |
| 10:32 | Create | Fishing Ship |
| 10:48 | Create | Villager (Male) |
| 11:18 | Create | Villager (Male) |
| 12:00 | Create | Villager (Male) |
| 12:09 | Build | Dock |
| 12:13 | Create | Villager (Male) |
| 12:49 | Create | Fishing Ship |
| 12:50 | Create | Fishing Ship |
| 12:54 | Build | Dock |
| 13:13 | Research | Feudal Age |
| 13:23 | Build | Barracks |
| 14:31 | Build | Lumber Camp |
| 14:35 | Build | Lumber Camp |
| 14:39 | Create | Militia |
| 14:40 | Create | Militia |
| 14:42 | Create | Fishing Ship |
| 15:00 | Build | House |
| 15:01 | Build | House |
| 15:02 | Build | House |
| 15:23 | Age | Feudal Age |
| 15:35 | Create | Villager (Male) |
| 15:43 | Create | Fire Galley |
| 16:40 | Create | Villager (Male) |
| 16:40 | Create | Villager (Male) |
| 17:24 | Create | Villager (Male) |
| 17:25 | Create | Villager (Male) |
| 18:21 | Create | Fire Galley |
| 18:34 | Create | Villager (Male) |
| 18:47 | Create | Fishing Ship |
| 18:47 | Create | Fishing Ship |
| 19:25 | Build | Mining Camp |
| 19:39 | Create | Villager (Male) |
| 19:40 | Create | Villager (Male) |
| 19:56 | Build | Mill |
| 20:13 | Create | Fishing Ship |
| 20:16 | Create | Fishing Ship |
| 20:16 | Create | Fishing Ship |
| 20:21 | Build | Dock |
| 20:23 | Build | Dock |
| 20:48 | Create | Villager (Male) |
| 20:48 | Create | Villager (Male) |
| 20:53 | Build | Market |
| 21:00 | Build | Blacksmith |
| 21:06 | Build | Stone Wall |
| 21:13 | Build | Stone Wall |
| 21:19 | Build | Stone Wall |
| 21:53 | Research | Castle Age |
| 22:38 | Build | House |
| 22:48 | Build | Mining Camp |
| 23:02 | Create | Fire Galley |
| 23:02 | Create | Fire Galley |
| 23:03 | Create | Fire Galley |
| 23:03 | Create | Fire Galley |
| 23:03 | Create | Fire Galley |
| 23:08 | Build | House |
| 23:12 | Build | House |
| 23:16 | Build | House |
| 23:25 | Create | Fire Galley |
| 23:26 | Create | Fire Galley |
| 23:54 | Build | Dock |
| 24:33 | Age | Castle Age |
| 24:37 | Create | Villager (Male) |
| 24:37 | Create | Villager (Male) |
| 24:37 | Create | Villager (Male) |
| 24:40 | Create | Villager (Male) |
| 24:41 | Create | Villager (Male) |
| 24:47 | Build | Town Center |
| 24:55 | Build | Monastery |
| 24:59 | Research | War Galley (upgrade) |
| 25:40 | Create | Monk |
| 25:45 | Build | Farm |
| 25:46 | Research | Double-Bit Axe |
| 25:54 | Create | Fishing Ship |
| 25:54 | Create | Fishing Ship |
| 25:54 | Create | Fishing Ship |
| 25:55 | Create | Fishing Ship |
| 25:55 | Create | Fishing Ship |
| 25:55 | Create | Fishing Ship |
| 25:56 | Create | Fishing Ship |
| 26:10 | Build | House |
| 26:39 | Create | Villager (Male) |
| 26:39 | Create | Villager (Male) |
| 26:39 | Create | Villager (Male) |
| 26:44 | Research | Gold Mining |
| 26:46 | Create | Villager (Male) |
| 26:46 | Create | Villager (Male) |
| 26:47 | Create | Villager (Male) |
| 26:59 | Create | Fire Galley |
| 27:00 | Create | Fire Galley |
| 27:43 | Create | Villager (Male) |
| 27:43 | Create | Villager (Male) |
| 27:46 | Build | House |
| 27:47 | Build | House |
| 27:47 | Build | House |
| 27:47 | Build | House |
| 28:04 | Build | Town Center |
| 28:12 | Build | Town Center |
| 29:14 | Build | House |
| 29:14 | Build | House |
| 29:39 | Build | Stable |
| 29:43 | Create | Villager (Male) |
| 29:43 | Create | Villager (Male) |
| 30:06 | Create | Fishing Ship |
| 30:06 | Create | Fishing Ship |
| 30:07 | Create | Fishing Ship |
| 30:07 | Create | Fishing Ship |
| 30:26 | Create | Camel Scout |
| 30:27 | Create | Camel Scout |
| 30:32 | Create | Villager (Male) |
| 30:32 | Create | Villager (Male) |
| 30:34 | Create | Villager (Male) |
| 30:34 | Create | Villager (Male) |
| 30:34 | Create | Villager (Male) |
| 31:18 | Create | Villager (Male) |
| 31:18 | Create | Villager (Male) |
| 31:22 | Research | Tech 906 |
| 31:32 | Create | Villager (Male) |
| 31:32 | Create | Villager (Male) |
| 31:34 | Create | Villager (Male) |
| 31:34 | Create | Villager (Male) |
| 31:39 | Create | Villager (Male) |
| 31:44 | Build | Farm |
| 31:46 | Build | Farm |
| 31:48 | Build | Farm |
| 31:58 | Build | Farm |
| 32:13 | Build | Farm |
| 32:15 | Research | Horse Collar |
| 32:21 | Create | Fishing Ship |
| 32:21 | Create | Fishing Ship |
Build order — xitix
First 150 of 176 actions detected
| 3:09 | Build | Town Center |
| 3:46 | Build | House |
| 3:51 | Build | House |
| 4:48 | Create | Villager (Male) |
| 4:48 | Create | Villager (Male) |
| 4:50 | Research | Loom |
| 4:52 | Create | Villager (Male) |
| 4:52 | Create | Villager (Male) |
| 5:51 | Build | Dock |
| 6:21 | Build | Mill |
| 6:31 | Create | Villager (Male) |
| 6:31 | Create | Villager (Male) |
| 7:35 | Create | Villager (Male) |
| 7:36 | Create | Villager (Male) |
| 8:03 | Create | Villager (Male) |
| 8:03 | Create | Villager (Male) |
| 8:27 | Build | Palisade Gate |
| 8:28 | Build | House |
| 8:30 | Build | House |
| 8:44 | Build | House |
| 8:46 | Create | Villager (Male) |
| 8:47 | Create | Villager (Male) |
| 10:10 | Create | Fishing Ship |
| 10:10 | Create | Fishing Ship |
| 10:17 | Create | Villager (Male) |
| 10:17 | Create | Villager (Male) |
| 10:49 | Build | Mining Camp |
| 11:10 | Build | Barracks |
| 11:23 | Build | Palisade Gate |
| 11:28 | Research | Feudal Age |
| 12:13 | Build | Pasture |
| 12:46 | Build | House |
| 13:09 | Create | Villager (Male) |
| 13:09 | Create | Villager (Male) |
| 13:38 | Age | Feudal Age |
| 13:44 | Build | Blacksmith |
| 13:46 | Build | House |
| 14:37 | Create | Villager (Male) |
| 14:38 | Create | Villager (Male) |
| 14:49 | Build | Pasture |
| 15:39 | Build | Mill |
| 15:51 | Create | Villager (Male) |
| 15:51 | Create | Villager (Male) |
| 16:33 | Build | Stable |
| 17:00 | Build | Palisade Wall |
| 17:15 | Build | Pasture |
| 17:51 | Build | Archery Range |
| 18:07 | Research | Man-at-Arms (upgrade) |
| 18:08 | Create | Militia |
| 18:08 | Create | Militia |
| 18:08 | Create | Militia |
| 18:08 | Create | Militia |
| 18:12 | Research | Castle Age |
| 18:19 | Build | House |
| 18:28 | Build | Palisade Gate |
| 19:02 | Create | Transport Ship |
| 19:17 | Research | Forging |
| 19:19 | Research | Scale Mail Armor |
| 19:34 | Build | Mining Camp |
| 19:41 | Build | Pasture |
| 19:49 | Build | Lumber Camp |
| 19:56 | Build | Pasture |
| 20:04 | Research | Tech 1014 |
| 20:16 | Create | Militia |
| 20:16 | Create | Militia |
| 20:22 | Create | Militia |
| 20:22 | Create | Militia |
| 20:52 | Age | Castle Age |
| 21:00 | Create | Villager (Male) |
| 21:00 | Create | Villager (Male) |
| 21:35 | Create | Militia |
| 21:36 | Create | Militia |
| 22:21 | Create | Villager (Male) |
| 22:21 | Create | Villager (Male) |
| 22:39 | Build | Town Center |
| 23:08 | Research | Long Swordsman (upgrade) |
| 23:18 | Create | Militia |
| 23:18 | Create | Militia |
| 23:37 | Create | Militia |
| 23:38 | Create | Militia |
| 23:58 | Build | Barracks |
| 24:08 | Build | Barracks |
| 24:24 | Create | Steppe Lancer |
| 24:25 | Create | Steppe Lancer |
| 24:25 | Create | Steppe Lancer |
| 24:43 | Build | Pasture |
| 24:49 | Create | Villager (Male) |
| 24:49 | Create | Villager (Male) |
| 24:52 | Create | Militia |
| 24:53 | Create | Militia |
| 24:53 | Create | Militia |
| 24:55 | Create | Militia |
| 24:56 | Create | Militia |
| 25:25 | Build | House |
| 25:44 | Create | Militia |
| 25:44 | Create | Militia |
| 25:48 | Create | Villager (Male) |
| 25:48 | Create | Villager (Male) |
| 26:21 | Build | Pasture |
| 26:51 | Research | Iron Casting |
| 26:59 | Create | Villager (Male) |
| 26:59 | Create | Villager (Male) |
| 27:08 | Build | Pasture |
| 27:22 | Build | Gate |
| 27:26 | Create | Villager (Male) |
| 27:26 | Create | Villager (Male) |
| 27:31 | Research | Double-Bit Axe |
| 27:55 | Create | Villager (Male) |
| 28:02 | Create | Villager (Male) |
| 28:20 | Research | Chain Mail Armor |
| 28:41 | Create | Villager (Male) |
| 28:44 | Research | Stone Mining |
| 29:15 | Create | Steppe Lancer |
| 29:15 | Create | Steppe Lancer |
| 29:55 | Create | Steppe Lancer ×3 |
| 30:14 | Research | Scale Barding Armor |
| 30:21 | Build | House |
| 30:22 | Build | House |
| 30:24 | Build | House |
| 30:27 | Create | Villager (Male) |
| 30:27 | Create | Villager (Male) |
| 30:38 | Build | Pasture |
| 30:58 | Create | Villager (Male) |
| 30:58 | Create | Villager (Male) |
| 31:24 | Create | Villager (Male) |
| 31:30 | Research | Gambesons |
| 31:33 | Research | Squires |
| 31:36 | Research | Arson |
| 32:14 | Create | Militia ×5 |
| 33:36 | Research | Husbandry |
| 33:37 | Create | Steppe Lancer |
| 33:37 | Create | Steppe Lancer |
| 33:37 | Create | Steppe Lancer |
| 33:43 | Create | Villager (Male) |
| 33:43 | Create | Villager (Male) |
| 33:49 | Build | University |
| 33:53 | Build | Siege Workshop |
| 34:06 | Create | Villager (Male) |
| 34:06 | Create | Villager (Male) |
| 34:09 | Research | Gold Mining |
| 34:22 | Create | Militia |
| 34:22 | Create | Militia |
| 34:23 | Create | Militia |
| 37:23 | Build | Town Center |
| 38:02 | Build | Town Center |
| 38:14 | Build | Pasture |
| 38:19 | Build | Pasture |
| 38:31 | Build | Market |
| 39:29 | Build | Lumber Camp |
| 39:40 | Create | Villager (Male) |
Build order — Fluffy
First 150 of 185 actions detected
| 0:40 | Build | Dock |
| 1:16 | Create | Fishing Ship |
| 1:21 | Build | House |
| 1:23 | Build | House |
| 1:24 | Build | House |
| 2:12 | Create | Fishing Ship |
| 2:15 | Create | Fishing Ship |
| 2:30 | Create | Fishing Ship |
| 3:01 | Create | Fishing Ship |
| 3:27 | Create | Fishing Ship |
| 4:04 | Build | Town Center |
| 4:37 | Create | Fishing Ship |
| 5:12 | Create | Fishing Ship |
| 5:30 | Create | Villager (Male) |
| 5:30 | Create | Villager (Male) |
| 5:31 | Create | Villager (Male) |
| 5:32 | Create | Villager (Male) |
| 5:32 | Create | Villager (Male) |
| 5:32 | Create | Villager (Male) |
| 5:34 | Create | Villager (Male) |
| 6:50 | Create | Fishing Ship |
| 7:45 | Create | Villager (Male) |
| 7:56 | Create | Fishing Ship |
| 8:05 | Build | House |
| 8:09 | Build | House |
| 8:12 | Build | House |
| 8:15 | Build | House |
| 8:17 | Build | House |
| 8:35 | Create | Villager (Male) |
| 8:41 | Research | Feudal Age |
| 9:16 | Build | Mining Camp |
| 9:22 | Create | Villager (Male) |
| 9:23 | Create | Villager (Male) |
| 10:55 | Build | Barracks |
| 11:07 | Age | Feudal Age |
| 11:33 | Create | Villager (Male) |
| 11:41 | Research | Double-Bit Axe |
| 12:16 | Build | Stable |
| 12:23 | Create | Villager (Male) |
| 12:25 | Create | Villager (Male) |
| 12:49 | Build | Blacksmith |
| 12:53 | Create | Villager (Male) |
| 13:11 | Build | Mill |
| 13:19 | Create | Scout Cavalry |
| 13:35 | Research | Scale Barding Armor |
| 13:38 | Create | Scout Cavalry |
| 13:50 | Build | Stable |
| 13:55 | Create | Villager (Male) |
| 14:00 | Build | Farm |
| 14:09 | Research | Bloodlines |
| 14:10 | Create | Scout Cavalry |
| 14:21 | Research | Horse Collar |
| 14:24 | Create | Villager (Male) |
| 14:25 | Build | Farm |
| 14:28 | Research | Forging |
| 14:37 | Create | Villager (Male) |
| 14:52 | Create | Scout Cavalry |
| 15:05 | Build | Farm |
| 15:23 | Build | Farm |
| 15:52 | Create | Scout Cavalry ×2 |
| 16:23 | Create | Scout Cavalry ×2 |
| 17:18 | Create | Scout Cavalry ×3 |
| 17:44 | Create | Villager (Male) |
| 17:44 | Create | Villager (Male) |
| 17:45 | Create | Villager (Male) |
| 18:06 | Build | Farm |
| 18:06 | Build | Farm |
| 18:07 | Build | Farm |
| 18:07 | Build | Farm |
| 18:23 | Build | Farm |
| 18:57 | Build | Farm |
| 18:59 | Create | Villager (Male) |
| 19:00 | Create | Villager (Male) |
| 19:29 | Build | Mining Camp |
| 19:44 | Create | Unit 2626 |
| 19:46 | Create | Unit 2626 |
| 22:07 | Research | Castle Age |
| 22:16 | Research | Gold Mining |
| 22:18 | Research | Stone Mining |
| 22:20 | Create | Villager (Male) |
| 23:05 | Create | Villager (Male) |
| 23:13 | Research | Fletching |
| 24:47 | Age | Castle Age |
| 24:52 | Build | Town Center |
| 25:17 | Build | Castle |
| 25:27 | Create | Villager (Male) |
| 25:31 | Research | Heavy Plow |
| 25:52 | Create | Villager (Male) |
| 25:52 | Create | Villager (Male) |
| 25:53 | Create | Villager (Male) |
| 26:46 | Create | Villager (Male) |
| 27:04 | Create | Monk |
| 27:22 | Build | Mining Camp |
| 27:27 | Research | Wheelbarrow |
| 28:18 | Create | Villager (Male) |
| 28:27 | Create | Camel Archer |
| 28:32 | Create | Villager (Male) |
| 28:35 | Create | Villager (Male) |
| 28:36 | Create | Villager (Male) |
| 28:36 | Create | Villager (Male) |
| 28:41 | Research | Gold Mining |
| 28:49 | Research | Stone Shaft Mining |
| 28:57 | Research | Bow Saw |
| 29:18 | Build | Town Center |
| 29:42 | Create | Camel Archer |
| 29:43 | Create | Villager (Male) |
| 29:45 | Create | Villager (Male) |
| 29:53 | Research | Gold Shaft Mining |
| 29:58 | Create | Villager (Male) |
| 29:59 | Create | Villager (Male) |
| 30:09 | Create | Villager (Male) |
| 30:16 | Build | Monastery |
| 30:23 | Create | Villager (Male) |
| 30:24 | Create | Villager (Male) |
| 30:56 | Research | Kasbah |
| 30:59 | Research | Bodkin Arrow |
| 31:05 | Create | Villager (Male) |
| 31:42 | Build | Mining Camp |
| 32:10 | Create | Villager (Male) ×5 |
| 32:24 | Create | Monk |
| 32:31 | Create | Camel Archer |
| 32:56 | Build | Castle |
| 33:01 | Create | Camel Archer |
| 33:03 | Create | Camel Archer |
| 33:06 | Create | Villager (Male) |
| 33:15 | Build | House |
| 33:20 | Build | House |
| 33:23 | Build | House |
| 33:41 | Create | Camel Archer |
| 33:54 | Build | University |
| 34:14 | Build | Mining Camp |
| 34:16 | Create | Camel Archer |
| 34:19 | Create | Villager (Male) |
| 34:30 | Create | Villager (Male) ×4 |
| 34:48 | Create | Camel Archer |
| 34:50 | Create | Camel Archer |
| 34:53 | Create | Camel Archer |
| 34:54 | Create | Camel Archer |
| 34:55 | Create | Camel Archer |
| 35:19 | Build | Mill |
| 35:34 | Create | Camel Archer |
| 35:35 | Create | Camel Archer |
| 35:56 | Build | Farm |
| 35:56 | Build | Farm |
| 35:56 | Build | Farm |
| 36:03 | Create | Villager (Male) ×5 |
| 36:08 | Create | Villager (Male) ×3 |
| 36:19 | Build | Castle |
| 36:51 | Build | Stable |
| 37:03 | Build | Archery Range |
Build order — Cleaninger
First 150 of 249 actions detected
| 0:09 | Build | Dock |
| 4:37 | Build | Town Center |
| 4:44 | Build | House |
| 4:45 | Build | House |
| 5:30 | Create | Villager (Male) |
| 5:30 | Create | Villager (Male) |
| 5:30 | Create | Villager (Male) |
| 5:30 | Create | Villager (Male) |
| 5:31 | Create | Villager (Male) |
| 5:31 | Create | Villager (Male) |
| 5:31 | Create | Villager (Male) |
| 5:46 | Create | Fishing Ship |
| 5:47 | Create | Fishing Ship |
| 5:47 | Create | Fishing Ship |
| 6:07 | Create | Villager (Male) |
| 6:07 | Create | Villager (Male) |
| 6:08 | Create | Villager (Male) |
| 7:07 | Create | Villager (Male) |
| 7:07 | Create | Villager (Male) |
| 7:17 | Build | House |
| 8:08 | Build | House |
| 8:12 | Create | Villager (Male) |
| 8:13 | Create | Villager (Male) |
| 8:13 | Create | Villager (Male) |
| 8:38 | Build | House |
| 9:06 | Build | House |
| 9:19 | Build | Palisade Gate |
| 9:42 | Create | Villager (Male) |
| 9:42 | Create | Villager (Male) |
| 10:31 | Create | Villager (Male) |
| 10:43 | Build | Mill |
| 11:01 | Create | Villager (Male) |
| 11:43 | Create | Fishing Ship |
| 11:44 | Create | Fishing Ship |
| 12:05 | Research | Feudal Age |
| 12:36 | Build | Barracks |
| 12:40 | Build | House |
| 12:55 | Build | Farm |
| 12:59 | Build | Farm |
| 13:04 | Build | Farm |
| 13:12 | Create | Fishing Ship |
| 13:12 | Create | Fishing Ship |
| 13:34 | Create | Fishing Ship |
| 13:34 | Create | Fishing Ship |
| 13:41 | Build | House |
| 13:44 | Build | Palisade Wall |
| 14:09 | Age | Feudal Age |
| 14:10 | Build | Mill |
| 14:16 | Create | Villager (Male) |
| 14:17 | Create | Villager (Male) |
| 14:17 | Create | Villager (Male) |
| 14:19 | Create | Villager (Male) |
| 14:19 | Create | Villager (Male) |
| 14:44 | Build | Farm |
| 14:47 | Create | Villager (Male) |
| 14:49 | Build | Farm |
| 14:54 | Build | Farm |
| 15:00 | Create | Villager (Male) |
| 15:00 | Create | Villager (Male) |
| 15:01 | Research | Loom |
| 15:25 | Build | Farm |
| 15:37 | Create | Villager (Male) |
| 15:37 | Create | Villager (Male) |
| 16:39 | Create | Trade Cog |
| 17:04 | Build | Farm |
| 17:11 | Build | Farm |
| 17:23 | Build | Farm |
| 17:41 | Create | Villager (Male) |
| 17:41 | Create | Villager (Male) |
| 17:42 | Research | Wheelbarrow |
| 18:24 | Create | Spearman |
| 18:24 | Create | Spearman |
| 18:56 | Build | Stable |
| 19:32 | Build | House |
| 19:35 | Build | House |
| 19:38 | Build | Palisade Gate |
| 19:46 | Build | House |
| 20:06 | Build | Palisade Wall |
| 20:13 | Create | Scout Cavalry |
| 20:13 | Create | Scout Cavalry |
| 20:13 | Create | Scout Cavalry |
| 20:14 | Create | Scout Cavalry |
| 20:14 | Create | Scout Cavalry |
| 20:48 | Create | Villager (Male) |
| 20:48 | Create | Villager (Male) |
| 20:49 | Create | Villager (Male) |
| 20:49 | Create | Villager (Male) |
| 20:56 | Build | Market |
| 21:36 | Build | Blacksmith |
| 21:49 | Create | Villager (Male) |
| 21:49 | Create | Villager (Male) |
| 21:49 | Create | Villager (Male) |
| 21:59 | Build | Watch Tower |
| 22:01 | Build | Mining Camp |
| 22:54 | Research | Double-Bit Axe |
| 23:22 | Create | Villager (Male) |
| 23:22 | Create | Villager (Male) |
| 23:23 | Create | Villager (Male) |
| 23:33 | Build | Stable |
| 23:51 | Build | Watch Tower |
| 24:14 | Research | Castle Age |
| 24:49 | Build | Watch Tower |
| 26:02 | Build | Stable |
| 26:20 | Build | Watch Tower |
| 26:25 | Build | Watch Tower |
| 26:30 | Build | House |
| 26:33 | Research | Forging |
| 26:34 | Research | Scale Barding Armor |
| 26:35 | Research | Fletching |
| 27:00 | Build | Stable |
| 27:01 | Age | Castle Age |
| 27:16 | Build | Castle |
| 27:20 | Build | Lumber Camp |
| 27:51 | Research | Bloodlines |
| 27:53 | Research | Husbandry |
| 27:55 | Create | Villager (Male) |
| 27:55 | Create | Villager (Male) |
| 27:55 | Create | Villager (Male) |
| 27:56 | Create | Villager (Male) |
| 27:56 | Create | Villager (Male) |
| 27:56 | Create | Villager (Male) |
| 27:58 | Create | Villager (Male) |
| 27:58 | Create | Villager (Male) |
| 28:01 | Build | Farm |
| 28:31 | Build | Watch Tower |
| 28:35 | Build | House |
| 28:36 | Build | House |
| 28:39 | Build | House |
| 28:43 | Build | House |
| 29:27 | Research | Imperial Age |
| 29:46 | Build | University |
| 29:59 | Build | Monastery |
| 30:12 | Build | Farm |
| 30:17 | Research | Bow Saw |
| 30:27 | Build | House |
| 30:28 | Build | House |
| 30:30 | Build | House |
| 30:32 | Build | House |
| 30:33 | Build | House |
| 30:44 | Build | Farm |
| 30:48 | Create | Monk |
| 30:56 | Build | Farm |
| 31:34 | Build | Mining Camp |
| 31:45 | Build | Blacksmith |
| 32:09 | Build | House |
| 32:17 | Build | Dock |
| 32:21 | Build | Dock |
| 32:29 | Age | Imperial Age |
| 32:32 | Build | Farm |
| 32:33 | Create | Villager (Male) |
Build order — Jakulin94
First 150 of 262 actions detected
| 0:07 | Build | Town Center |
| 1:22 | Create | Villager (Male) |
| 1:23 | Create | Villager (Male) |
| 1:26 | Build | House |
| 1:28 | Build | House |
| 2:03 | Build | Lumber Camp |
| 2:11 | Build | House |
| 2:15 | Create | Villager (Male) |
| 3:17 | Create | Villager (Male) |
| 3:17 | Create | Villager (Male) |
| 3:17 | Create | Villager (Male) |
| 3:18 | Create | Villager (Male) |
| 3:18 | Create | Villager (Male) |
| 4:28 | Build | Dock |
| 4:38 | Create | Villager (Male) |
| 4:39 | Create | Villager (Male) |
| 6:05 | Create | Villager (Male) |
| 6:05 | Create | Villager (Male) |
| 6:06 | Create | Villager (Male) |
| 6:21 | Create | Fishing Ship |
| 6:22 | Create | Fishing Ship |
| 6:22 | Create | Fishing Ship |
| 6:24 | Create | Fishing Ship |
| 6:27 | Build | House |
| 6:29 | Build | House |
| 7:08 | Build | House |
| 7:10 | Build | House |
| 7:24 | Create | Fishing Ship |
| 7:43 | Build | Dock |
| 8:04 | Create | Villager (Male) |
| 8:21 | Build | Dock |
| 8:26 | Create | Fishing Ship |
| 8:27 | Create | Fishing Ship |
| 8:36 | Build | House |
| 8:37 | Build | House |
| 9:01 | Create | Villager (Male) |
| 9:18 | Create | Fishing Ship |
| 9:20 | Create | Fishing Ship |
| 9:20 | Create | Fishing Ship |
| 9:23 | Create | Villager (Male) |
| 9:57 | Create | Fishing Ship ×4 |
| 10:27 | Build | Mining Camp |
| 10:34 | Build | Lumber Camp |
| 10:43 | Build | Lumber Camp |
| 10:58 | Create | Fishing Ship |
| 10:58 | Create | Fishing Ship |
| 11:06 | Create | Fishing Ship |
| 11:11 | Create | Villager (Male) |
| 11:11 | Create | Villager (Male) |
| 11:12 | Create | Villager (Male) |
| 11:19 | Create | Fishing Ship |
| 12:02 | Create | Fishing Ship |
| 12:03 | Create | Fishing Ship |
| 12:05 | Create | Fishing Ship |
| 12:16 | Build | House |
| 12:17 | Build | House |
| 12:31 | Create | Fishing Ship |
| 12:33 | Create | Fishing Ship |
| 12:36 | Create | Fishing Ship |
| 12:52 | Build | Mining Camp |
| 13:10 | Research | Feudal Age |
| 13:30 | Create | Fishing Ship |
| 13:33 | Create | Fishing Ship |
| 13:34 | Create | Fishing Ship |
| 14:37 | Create | Fishing Ship |
| 14:38 | Create | Fishing Ship |
| 14:40 | Create | Fishing Ship |
| 14:40 | Create | Fishing Ship |
| 14:44 | Create | Fishing Ship |
| 14:44 | Create | Fishing Ship |
| 15:12 | Create | Villager (Male) |
| 15:13 | Create | Villager (Male) |
| 15:13 | Create | Villager (Male) |
| 15:13 | Create | Villager (Male) |
| 15:14 | Create | Villager (Male) |
| 15:14 | Create | Villager (Male) |
| 15:14 | Create | Villager (Male) |
| 15:20 | Age | Feudal Age |
| 15:21 | Research | Double-Bit Axe |
| 15:25 | Research | Tech 906 |
| 15:31 | Create | Fire Galley |
| 15:31 | Create | Fire Galley |
| 15:52 | Build | Mill |
| 16:33 | Create | Fire Galley |
| 16:33 | Create | Fire Galley |
| 16:33 | Create | Fire Galley |
| 16:34 | Create | Fire Galley |
| 16:34 | Create | Fire Galley |
| 17:04 | Build | House |
| 17:05 | Build | House |
| 17:25 | Create | Fire Galley |
| 17:25 | Create | Fire Galley |
| 17:39 | Build | House |
| 17:40 | Build | House |
| 17:58 | Build | House |
| 18:11 | Build | Barracks |
| 18:18 | Build | Market |
| 18:54 | Create | Fire Galley ×3 |
| 20:01 | Build | Blacksmith |
| 20:05 | Research | Gold Mining |
| 20:30 | Research | Castle Age |
| 21:04 | Create | Fire Galley ×5 |
| 21:15 | Research | Wheelbarrow |
| 22:01 | Build | House |
| 22:02 | Build | House |
| 22:40 | Build | Lumber Camp |
| 23:01 | Build | Mining Camp |
| 23:04 | Build | House |
| 23:05 | Build | House |
| 23:10 | Age | Castle Age |
| 23:31 | Build | Town Center |
| 23:57 | Create | Fire Galley ×5 |
| 25:09 | Build | Mining Camp |
| 25:15 | Build | Castle |
| 25:36 | Create | Demolition Raft |
| 25:37 | Create | Demolition Raft |
| 25:37 | Create | Demolition Raft |
| 25:46 | Create | Demolition Raft |
| 25:46 | Create | Demolition Raft |
| 25:46 | Create | Demolition Raft |
| 26:10 | Create | Villager (Male) |
| 26:10 | Create | Villager (Male) |
| 26:10 | Create | Villager (Male) |
| 26:18 | Build | Town Center |
| 26:20 | Create | Villager (Male) |
| 26:20 | Create | Villager (Male) |
| 26:24 | Research | Hand Cart |
| 26:25 | Research | Town Watch |
| 26:36 | Create | Monk |
| 26:37 | Create | Monk |
| 26:37 | Create | Monk |
| 26:48 | Build | Lumber Camp |
| 26:58 | Research | Scale Barding Armor |
| 27:50 | Create | Villager (Male) |
| 27:50 | Create | Villager (Male) |
| 27:51 | Create | Villager (Male) |
| 27:51 | Create | Villager (Male) |
| 27:51 | Create | Villager (Male) |
| 27:52 | Create | Villager (Male) |
| 27:52 | Create | Villager (Male) |
| 27:52 | Create | Villager (Male) |
| 28:02 | Build | Mining Camp |
| 28:03 | Create | Villager (Male) |
| 28:08 | Research | Imperial Age |
| 28:13 | Research | Imperial Age |
| 28:14 | Create | Villager (Male) |
| 28:14 | Create | Villager (Male) |
| 28:44 | Build | Town Center |
| 28:51 | Research | Bow Saw |
| 29:12 | Build | Lumber Camp |
Match timeline
| 0:09 | Cleaninger · first_building Dock |
| 0:25 | Tomassx1286 · first_building Dock |
| 0:40 | Fluffy · first_building Dock |
| 4:28 | Jakulin94 · first_building Dock |
| 5:08 | BeRnDi · first_building Dock |
| 5:51 | xitix · first_building Dock |
| 6:02 | Merlyah · first_building Dock |
| 6:43 | TheCris · first_building Dock |
| 9:29 | BeRnDi · first_building Barracks |
| 9:46 | BeRnDi · wall_segment Palisade Wall x1 |
| 9:52 | BeRnDi · wall_segment Palisade Wall x1 |
| 10:28 | Tomassx1286 · first_building Barracks |
| 10:39 | BeRnDi · wall_segment Palisade Wall x7 |
| 10:55 | Fluffy · first_building Barracks |
| 11:07 | Fluffy · age_up feudal |
| 11:10 | xitix · first_building Barracks |
| 11:15 | BeRnDi · wall_segment Palisade Wall x6 |
| 12:16 | Fluffy · first_building Stable |
| 12:26 | BeRnDi · age_up feudal |
| 12:36 | Cleaninger · first_building Barracks |
| 13:23 | TheCris · first_building Barracks |
| 13:38 | xitix · age_up feudal |
| 13:44 | Cleaninger · wall_segment Palisade Wall x5 |
| 13:51 | Merlyah · first_building Barracks |
| 14:09 | Cleaninger · age_up feudal |
| 14:44 | Merlyah · age_up feudal |
| 15:09 | BeRnDi · wall_segment Palisade Wall x7 |
| 15:20 | Jakulin94 · age_up feudal |
| 15:23 | TheCris · age_up feudal |
| 15:38 | BeRnDi · first_building Stable |
| 15:49 | Merlyah · first_building Archery Range |
| 16:33 | xitix · first_building Stable |
| 17:00 | xitix · wall_segment Palisade Wall x11 |
| 17:11 | Merlyah · wall_segment Palisade Wall x4 |
| 17:27 | BeRnDi · wall_segment Palisade Wall x6 |
| 17:31 | BeRnDi · wall_segment Palisade Wall x5 |
| 17:51 | xitix · first_building Archery Range |
| 18:11 | Jakulin94 · first_building Barracks |
| 18:43 | Merlyah · wall_segment Palisade Wall x7 |
| 18:56 | Cleaninger · first_building Stable |
| 19:15 | Merlyah · age_up castle |
| 19:33 | BeRnDi · wall_segment Palisade Wall x1 |
| 20:04 | Merlyah · first_building Castle |
| 20:06 | Cleaninger · wall_segment Palisade Wall x6 |
| 20:52 | xitix · age_up castle |
| 21:06 | TheCris · wall_segment Stone Wall x2 |
| 21:13 | TheCris · wall_segment Stone Wall x3 |
| 21:15 | BeRnDi · age_up castle |
| 21:19 | TheCris · wall_segment Stone Wall x4 |
| 21:45 | TheCris · first_market_sell 100 wood |
| 21:52 | TheCris · first_market_buy 100 food |
| 21:56 | BeRnDi · wall_segment Stone Wall x1 |
| 22:07 | BeRnDi · wall_segment Palisade Wall x4 |
| 23:10 | Jakulin94 · age_up castle |
| 24:13 | Cleaninger · first_market_sell 100 food |
| 24:33 | TheCris · age_up castle |
| 24:47 | Fluffy · age_up castle |
| 24:55 | TheCris · first_building Monastery |
| 25:15 | Jakulin94 · first_building Castle |
| 25:17 | Fluffy · first_building Castle |
| 27:01 | Cleaninger · age_up castle |
| 27:16 | Cleaninger · first_building Castle |
| 28:20 | Tomassx1286 · first_market_buy 100 stone |
| 28:28 | Tomassx1286 · first_building Castle |
| 28:55 | BeRnDi · first_building Castle |
| 29:39 | TheCris · first_building Stable |
| 29:59 | Cleaninger · first_building Monastery |
| 30:15 | Tomassx1286 · first_market_sell 100 wood |
| 30:16 | Fluffy · first_building Monastery |
| 30:57 | Jakulin94 · wall_segment Stone Wall x16 |
| 31:11 | Jakulin94 · first_building Archery Range |
| 31:23 | Jakulin94 · age_up imperial |
| 31:55 | Jakulin94 · first_building Stable |
| 32:29 | Cleaninger · age_up imperial |
| 33:53 | xitix · first_building Siege Workshop |
| 34:01 | TheCris · first_building Castle |
| 34:19 | Jakulin94 · first_building Siege Workshop |
| 34:28 | BeRnDi · wall_segment Palisade Wall x3 |
| 34:40 | Cleaninger · first_market_buy 100 stone |
| 35:55 | TheCris · first_building Siege Workshop |
| 37:03 | Fluffy · first_building Archery Range |
| 37:28 | Cleaninger · first_building Siege Workshop |
| 37:38 | Merlyah · first_building Siege Workshop |
| 39:08 | TheCris · age_up imperial |
| 39:34 | BeRnDi · wall_segment Palisade Wall x8 |
| 39:37 | BeRnDi · wall_segment Palisade Wall x5 |
| 40:57 | Merlyah · age_up imperial |
| 41:34 | xitix · wall_segment Stone Wall x1 |
| 41:36 | xitix · wall_segment Stone Wall x1 |
| 42:59 | BeRnDi · first_market_buy 100 stone |
| 43:40 | xitix · first_building Monastery |
| 44:00 | xitix · wall_segment Stone Wall x13 |
| 44:15 | BeRnDi · age_up imperial |
| 45:38 | BeRnDi · resign |
[ AI ANALYSIS · 1 CREDIT ]
What really happened in this match?
Wolo.gg analyzes every decision: build order, eco, micro, common mistakes by bracket. Personalized analysis on WhatsApp or Discord in 30 seconds.
Civ guide
Persians
Map guide
Pilgrims
Perfil
Jugador #2575821